SL
BUCKHEAD BOWTIES @ FT. WORTH CATTLEMEN
07/21/2026
 
TOP OF THE 1ST
Buckhead Bowties batting - Pitching for Ft. Worth Cattlemen : LHP Paul Díaz
Pitching: LHP Paul Díaz
Batting: RHB Raúl Ruíz 0-0: Called Strike
0-1: Called Strike
0-2: Ball
1-2: Foul Ball, location: 2F
1-2: Strikes out swinging
Batting: LHB Mysterious Walker 0-0: Foul Ball, location: 2F
0-1: Foul Ball, location: 2F
0-2: Ball
1-2: Ball
2-2: Fly out, F7 (Flyball, 7S)
Batting: SHB Armando Tolcunaga 0-0: Foul Ball, location: 2F
0-1: Ball
1-1: Called Strike
1-2: Ball
2-2: Foul Ball, location: 2F
2-2: Strikes out looking
Top of the 1st over - 0 run(s), 0 hit(s), 0 error(s), 0 left on base; Buckhead 0 - Ft. Worth 0
BOTTOM OF THE 1ST
Ft. Worth Cattlemen batting - Pitching for Buckhead Bowties : RHP Germán Rodríguez
Pitching: RHP Germán Rodríguez
Batting: SHB Robby Day 0-0: Fly out, F8 (Flyball, 8LM)
Batting: SHB John Allen 0-0: Swinging Strike
0-1: Ball
1-1: Ground out U3 (Groundball, 3)
Batting: RHB Bart Lewis 0-0: Ball
1-0: Called Strike
1-1: Ball
2-1: Foul Ball, location: 2F
2-2: Strikes out swinging
Bottom of the 1st over - 0 run(s), 0 hit(s), 0 error(s), 0 left on base; Buckhead 0 - Ft. Worth 0
TOP OF THE 2ND
Buckhead Bowties batting - Pitching for Ft. Worth Cattlemen : LHP Paul Díaz
Batting: LHB Armando Esparza 0-0: Called Strike
0-1: Ball
1-1: SINGLE (Groundball, 34S) (infield hit)
Batting: RHB Freddy Carea 0-0: Fly out, F7 (Flyball, 7S)
Batting: RHB Dave King 0-0: Ball
1-0: Called Strike
1-1: Ball
2-1: Ground out 5-3 (Groundball, 56S)
Armando Esparza to second
Batting: LHB Tony Martínez 0-0: Swinging Strike
0-1: Ball
1-1: Ball
2-1: Fly out, F8 (Flyball, 8LXD)
Top of the 2nd over - 0 run(s), 1 hit(s), 0 error(s), 1 left on base; Buckhead 0 - Ft. Worth 0
BOTTOM OF THE 2ND
Ft. Worth Cattlemen batting - Pitching for Buckhead Bowties : RHP Germán Rodríguez
Batting: RHB Teruo Nakayama 0-0: Ball
1-0: Called Strike
1-1: Ball
2-1: Ball
3-1: Base on Balls
Batting: LHB Ryan Westlake 0-0: Fly out, F2 (Popup, 23)
Batting: RHB Enrique Marroquín 0-0: Called Strike
0-1: Fly out, F5 (Popup, 5L)
Batting: LHB Orlando Trevino 0-0: Ball
1-0: Ball
2-0: Called Strike
2-1: Swinging Strike
2-2: Ball
3-2: Ground out 4-3 (Groundball, 4MD)
Bottom of the 2nd over - 0 run(s), 0 hit(s), 0 error(s), 1 left on base; Buckhead 0 - Ft. Worth 0
TOP OF THE 3RD
Buckhead Bowties batting - Pitching for Ft. Worth Cattlemen : LHP Paul Díaz
Batting: RHB Albert Morales 0-0: Swinging Strike
0-1: Ground out 6-3 (Groundball, 6)
Batting: RHB Gabriel Rodríguez 0-0: Swinging Strike
0-1: Foul Ball, location: 2F
0-2: Foul Ball, location: 2F
0-2: Ball
1-2: Strikes out looking
Batting: RHB Raúl Ruíz 0-0: Swinging Strike
0-1: Swinging Strike
0-2: Ball
1-2: Strikes out swinging
Top of the 3rd over - 0 run(s), 0 hit(s), 0 error(s), 0 left on base; Buckhead 0 - Ft. Worth 0
BOTTOM OF THE 3RD
Ft. Worth Cattlemen batting - Pitching for Buckhead Bowties : RHP Germán Rodríguez
Batting: RHB Vernon Caw 0-0: Ball
1-0: Ball
2-0: Foul Ball, location: 2F
2-1: SINGLE (Line Drive, 8LS)
Batting: LHB Nobuo Yamashita 0-0: Ball
1-0: Called Strike
1-1: Ball
2-1: Fly out, F9 (Flyball, 9D)
Batting: SHB Robby Day 0-0: Ball
1-0: Swinging Strike
1-1: Ball
2-1: Swinging Strike
2-2: Foul Ball, location: 2F
2-2: Foul Ball, location: 2F
2-2: Ball
3-2: Foul Ball, location: 2F
3-2: Base on Balls
Vernon Caw to second
Batting: SHB John Allen 0-0: Ball
1-0: SINGLE (Groundball, 4D)
Vernon Caw to third
Robby Day to second
Runner from 3rd tries for Home, SAFE, throw made home
Robby Day to third
John Allen to second
Batting: RHB Bart Lewis 0-0: Called Strike
0-1: Swinging Strike
0-2: Strikes out swinging
Batting: RHB Teruo Nakayama 0-0: Ball
1-0: Foul Ball, location: 2F
1-1: Ground out 6-3 (Groundball, 6)
Bottom of the 3rd over - 1 run(s), 2 hit(s), 0 error(s), 2 left on base; Buckhead 0 - Ft. Worth 1
TOP OF THE 4TH
Buckhead Bowties batting - Pitching for Ft. Worth Cattlemen : LHP Paul Díaz
Batting: LHB Mysterious Walker 0-0: Ball
1-0: Ball
2-0: Called Strike
2-1: Fly out, F7 (Flyball, 78S)
Batting: SHB Armando Tolcunaga 0-0: Ground out 5-3 (Groundball, 56)
Batting: LHB Armando Esparza 0-0: Ball
1-0: Ball
2-0: Swinging Strike
2-1: Foul Ball, location: 2F
2-2: Strikes out swinging, 2-3 out at first.
Top of the 4th over - 0 run(s), 0 hit(s), 0 error(s), 0 left on base; Buckhead 0 - Ft. Worth 1
BOTTOM OF THE 4TH
Ft. Worth Cattlemen batting - Pitching for Buckhead Bowties : RHP Germán Rodríguez
Batting: LHB Ryan Westlake 0-0: Ball
1-0: Fly out, F9 (Flyball, 89D)
Batting: RHB Enrique Marroquín 0-0: Ball
1-0: Fly out, F9 (Flyball, 9S)
Batting: LHB Orlando Trevino 0-0: Called Strike
0-1: Foul Ball, location: 2F
0-2: Ground out 4-3 (Groundball, 4)
Bottom of the 4th over - 0 run(s), 0 hit(s), 0 error(s), 0 left on base; Buckhead 0 - Ft. Worth 1
TOP OF THE 5TH
Buckhead Bowties batting - Pitching for Ft. Worth Cattlemen : LHP Paul Díaz
Batting: RHB Freddy Carea 0-0: Ball
1-0: Foul Ball, location: 2F
1-1: Called Strike
1-2: Strikes out swinging
Batting: RHB Dave King 0-0: Ball
1-0: Called Strike
1-1: Ball
2-1: Foul Ball, location: 2F
2-2: Foul Ball, location: 2F
2-2: Ball
3-2: Foul Ball, location: 2F
3-2: Ground out 5-3 (Groundball, 56)
Batting: LHB Tony Martínez 0-0: Called Strike
0-1: Fly out, F7 (Flyball, 7S)
Top of the 5th over - 0 run(s), 0 hit(s), 0 error(s), 0 left on base; Buckhead 0 - Ft. Worth 1
BOTTOM OF THE 5TH
Ft. Worth Cattlemen batting - Pitching for Buckhead Bowties : RHP Germán Rodríguez
Batting: RHB Vernon Caw 0-0: Ball
1-0: Ball
2-0: Ball
3-0: Called Strike
3-1: Foul Ball, location: 2F
3-2: Fly out, F5 (Line Drive, 56S)
Batting: LHB Nobuo Yamashita 0-0: Foul Ball, location: 2F
0-1: Foul Ball, location: 2F
0-2: Ball
1-2: Strikes out swinging
Batting: SHB Robby Day 0-0: Ball
1-0: SINGLE (Groundball, 6MD)
Batting: SHB John Allen 0-0: SINGLE (Groundball, 34D)
Robby Day to second
Runner from 2nd tries for 3rd, SAFE, throw made to third
Batting: RHB Bart Lewis 0-0: Ball
1-0: Ball
2-0: Swinging Strike
2-1: Called Strike
2-2: Fly out, F7 (Flyball, 7)
Bottom of the 5th over - 0 run(s), 2 hit(s), 0 error(s), 2 left on base; Buckhead 0 - Ft. Worth 1
TOP OF THE 6TH
Buckhead Bowties batting - Pitching for Ft. Worth Cattlemen : LHP Paul Díaz
Batting: RHB Albert Morales 0-0: Ball
1-0: Swinging Strike
1-1: SINGLE (Line Drive, 6MD)
Batting: RHB Gabriel Rodríguez 0-0: Bunted foul
0-1: Bunted foul
0-2: Ball
1-2: Strikes out looking
Batting: RHB Raúl Ruíz 0-0: Swinging Strike
0-1: Called Strike
0-2: Ball
1-2: Ball
2-2: Strikes out swinging
Batting: LHB Mysterious Walker 0-0: Ball
1-0: Fly out, F8 (Flyball, 8LM)
Top of the 6th over - 0 run(s), 1 hit(s), 0 error(s), 1 left on base; Buckhead 0 - Ft. Worth 1
BOTTOM OF THE 6TH
Ft. Worth Cattlemen batting - Pitching for Buckhead Bowties : RHP Germán Rodríguez
Batting: RHB Teruo Nakayama 0-0: Ball
1-0: Foul Ball, location: 2F
1-1: Ball
2-1: Foul Ball, location: 2F
2-2: Ball
3-2: Foul Ball, location: 2F
3-2: Strikes out swinging
Batting: LHB Ryan Westlake 0-0: Called Strike
0-1: Ball
1-1: Foul Ball, location: 2F
1-2: Foul Ball, location: 2F
1-2: Ground out 4-3 (Groundball, 4)
Batting: RHB Enrique Marroquín 0-0: Swinging Strike
0-1: Ball
1-1: Ball
2-1: Foul Ball, location: 2F
2-2: Fly out, F9 (Flyball, 9S)
Bottom of the 6th over - 0 run(s), 0 hit(s), 0 error(s), 0 left on base; Buckhead 0 - Ft. Worth 1
TOP OF THE 7TH
Buckhead Bowties batting - Pitching for Ft. Worth Cattlemen : LHP Paul Díaz
Batting: SHB Armando Tolcunaga 0-0: Ball
1-0: Called Strike
1-1: Called Strike
1-2: Ground out 6-3 (Groundball, 56)
Batting: LHB Armando Esparza 0-0: Called Strike
0-1: Foul Ball, location: 2F
0-2: Ball
1-2: Ball
2-2: Foul Ball, location: 2F
2-2: Fly out, F9 (Flyball, 9)
Batting: RHB Freddy Carea 0-0: Called Strike
0-1: Swinging Strike
0-2: Strikes out looking
Top of the 7th over - 0 run(s), 0 hit(s), 0 error(s), 0 left on base; Buckhead 0 - Ft. Worth 1
BOTTOM OF THE 7TH
Ft. Worth Cattlemen batting - Pitching for Buckhead Bowties : RHP Germán Rodríguez
Batting: LHB Orlando Trevino 0-0: Called Strike
0-1: Ball
1-1: Ball
2-1: Ball
3-1: Foul Ball, location: 2F
3-2: Reached on error, E6 (Line Drive, 6)
Batting: RHB Vernon Caw 0-0: Called Strike
0-1: Ball
1-1: Fly out, F9 (Line Drive, 89S)
Batting: LHB Nobuo Yamashita 0-0: Ball
1-0: Called Strike
1-1: Foul Ball, location: 2F
1-2: Ball
2-2: Fly out, F8 (Line Drive, 8LM)
Batting: SHB Robby Day 0-0: Called Strike
Orlando Trevino steals 2nd base
0-1: Ball
1-1: Swinging Strike
1-2: Foul Ball, location: 2F
1-2: Ball
2-2: Ground out 4-3 (Groundball, 4)
Bottom of the 7th over - 0 run(s), 0 hit(s), 1 error(s), 1 left on base; Buckhead 0 - Ft. Worth 1
TOP OF THE 8TH
Buckhead Bowties batting - Pitching for Ft. Worth Cattlemen : LHP Paul Díaz
Now at 3B: Davis Anderson
Batting: RHB Dave King 0-0: Ball
1-0: Ball
2-0: Ground out 6-3 (Groundball, 6)
Batting: LHB Tony Martínez 0-0: Ball
1-0: Ball
2-0: Called Strike
2-1: Ball
3-1: Foul Ball, location: 2F
3-2: Strikes out swinging
Batting: RHB Albert Morales 0-0: Called Strike
0-1: Fly out, F8 (Flyball, 8RXD)
Top of the 8th over - 0 run(s), 0 hit(s), 0 error(s), 0 left on base; Buckhead 0 - Ft. Worth 1
BOTTOM OF THE 8TH
Ft. Worth Cattlemen batting - Pitching for Buckhead Bowties : RHP Germán Rodríguez
Batting: SHB John Allen 0-0: Ball
1-0: Fly out, F8 (Flyball, 8RM)
Batting: RHB Bart Lewis 0-0: Ball
1-0: SOLO HOME RUN (Flyball, 7LD), Distance : 366 ft
Pitching: RHP Joshua Long
Batting: RHB Teruo Nakayama 0-0: Foul Ball, location: 2F
0-1: Foul Ball, location: 2F
0-2: Foul Ball, location: 2F
0-2: Ball
1-2: SOLO HOME RUN (Flyball, 7D), Distance : 375 ft
Batting: LHB Ryan Westlake 0-0: Called Strike
0-1: Fly out, F7 (Flyball, 7)
Batting: RHB Enrique Marroquín 0-0: Ground out 4-3 (Groundball, 4)
Bottom of the 8th over - 2 run(s), 2 hit(s), 0 error(s), 0 left on base; Buckhead 0 - Ft. Worth 3
TOP OF THE 9TH
Buckhead Bowties batting - Pitching for Ft. Worth Cattlemen : LHP Paul Díaz
Batting: RHB Gabriel Rodríguez 0-0: Called Strike
0-1: Foul Ball, location: 2F
0-2: Ball
1-2: Strikes out swinging
Pitching: LHP Jason Horne
Batting: RHB Raúl Ruíz 0-0: Called Strike
0-1: Swinging Strike
0-2: Ball
1-2: Foul Ball, location: 2F
1-2: Ball
2-2: Ball
3-2: TRIPLE (Flyball, 78XD)
Batting: LHB Mysterious Walker 0-0: Ball
1-0: Called Strike
1-1: SINGLE (Line Drive, 7LS)
Raúl Ruíz scores
Pinch Hitting: RHB Joe Andrews 0-0: Ball
1-0: Foul Ball, location: 2F
1-1: Foul Ball, location: 2F
1-2: Ball
2-2: Fly out, F8 (Flyball, 8LS)
Pinch Hitting: RHB Won-min Yi 0-0: Ball
1-0: Fly out, F6 (Popup, 6D)
Top of the 9th over - 1 run(s), 2 hit(s), 0 error(s), 1 left on base; Buckhead 1 - Ft. Worth 3
Monday, March 20th, 2017 - OOTP Baseball 17.12 Build 75